 Dungeon Crawl Stone Soup version 0.21-a0-591-g2314aa1 (webtiles) character file.

11 vishdafish the Charmwright (level 2, -4/22 HPs)
             Began as a Demonspawn Skald on Dec 22, 2017.
             Slain by a kobold
             ... wielding a +1 dagger of distortion
              (24 damage)
             ... on level 1 of the Dungeon.
             The game lasted 00:00:27 (449 turns).

vishdafish the Charmwright (Demonspawn Skald)        Turns: 449, Time: 00:00:28

Health: -4/22      AC:  3    Str: 11    XL:     2   Next: 17%
Magic:  5/5        EV: 11    Int: 14    God:
Gold:   0          SH:  4    Dex: 12    Spells: 4/5 levels left

rFire    . . .     SeeInvis .   a - +0 spear
rCold    . . .     Gourm    .   (no shield)
rNeg     . . .     Faith    .   b - +0 leather armour
rPois    .         Spirit   .   (no helmet)
rElec    .         Reflect  .   (no cloak)
rCorr    .         Harm     .   (no gloves)
MR       .....                  (no boots)
Stlth    +.........             (no amulet)
HPRegen  0.07/turn              (no ring)
MPRegen  0.09/turn              (no ring)

@: no status effects
A: large bone plates 1
a: no special abilities


You were on level 1 of the Dungeon.
You were not hungry.

You visited 1 branch of the dungeon, and saw 1 of its levels.

Inventory:

Hand Weapons
 a - a +0 spear (weapon)
Armour
 b - a +0 leather armour (worn)
Potions
 e - a potion of flight {unknown}
Books
 c - a book of Battle

   Spells                             Type                      Level
   a - Infusion                       Charms                       1
   b - Shroud of Golubria             Charms/Translocation         2
   c - Song of Slaying                Charms                       2
   d - Spectral Weapon                Hexes/Charms                 3
   e - Regeneration                   Charms/Necromancy            3
Comestibles
 d - a ration


   Skills:
 + Level 2.0 Fighting
 + Level 1.7 Polearms
 + Level 1.1 Armour
 + Level 1.7 Dodging
 + Level 2.1 Spellcasting
 + Level 3.1 Charms


You had 4 spell levels left.
You knew the following spells:

 Your Spells              Type           Power        Failure   Level  Hunger
a - Infusion              Chrm           ##..         9%          1    ##.....


Dungeon Overview and Level Annotations

Branches:
Dungeon (1/15)

Altars:


Innate Abilities, Weirdness & Mutations

You are partially covered in large bone plates. (SH +4)


Message History

A bat comes into view.
You closely miss the hobgoblin.
The hobgoblin is severely wounded.
The hobgoblin completely misses you.
You hit the hobgoblin.
You kill the hobgoblin!
Your Armour skill increases to level 1!
You hit the hobgoblin.
The hobgoblin is severely wounded.
The hobgoblin hits you.
You hit the hobgoblin.
You kill the hobgoblin!
Evoke which item? (* to show all) (? for menu, Esc to quit)
Okay, then.
You hit the kobold but do no damage. The kobold completely misses you.
You hit the kobold but do no damage. The kobold barely misses you.
You closely miss the kobold. The kobold hits you but does no damage.
Space warps horribly around you!
Ouch! That really hurt!
You die...

...†....#
........+ ..#
....>...# ..#
.......## ...
#.....## #.#
##...## #.# ##+##
#b# #.# #K# #.#
#@# ##.## #.#
##...###########.#
........##.......#
.#.........#######
..)..##.####
.##.###.# .##.#
#.# .##.# #.#


You could see a bat and a kobold.

Vanquished Creatures
  A leopard gecko (D:1)
  A bat (D:1)
  A giant cockroach (D:1)
  3 hobgoblins (D:1)
  2 kobolds (D:1)
  A frilled lizard (D:1)
9 creatures vanquished.

Notes
Turn   | Place    | Note
-------+----------+-------------------------------------------
     0 | D:1      | vishdafish the Demonspawn Skald began the quest for the Orb.
     0 | D:1      | Reached XP level 1. HP: 16/16 MP: 3/3
     2 | D:1      | Noticed a centaur
     2 | D:1      | Noticed an octopode
     4 | D:1      | Noticed a human
     4 | D:1      | Noticed a naga
     6 | D:1      | Noticed a demonspawn
     6 | D:1      | Noticed a vine stalker
     8 | D:1      | Noticed a vampire
     8 | D:1      | Noticed a draconian
    10 | D:1      | Noticed a minotaur
    10 | D:1      | Noticed a felid
    12 | D:1      | Noticed a merfolk
    14 | D:1      | Noticed a demigod
    16 | D:1      | Noticed a dwarf
    16 | D:1      | Noticed a gargoyle
    18 | D:1      | Noticed a ghoul
    18 | D:1      | Noticed an elf
    20 | D:1      | Noticed a formicid
    20 | D:1      | Noticed an ogre
    22 | D:1      | Noticed a halfling
    24 | D:1      | Noticed a tengu
    26 | D:1      | Noticed a spriggan
    26 | D:1      | Noticed a troll
   147 | D:1      | Reached skill level 3 in Charms
   272 | D:1      | Gained mutation: You are partially covered in large bone plates. (SH +4) [demonic ancestry]
   272 | D:1      | Reached XP level 2. HP: 15/22 MP: 5/5
   444 | D:1      | Reached skill level 1 in Armour
   449 | D:1      | Slain by a kobold

Vault maps used:
D:1:      kb_arrival_jail, minmay_crystal_water

Skill      XL: |  1  2 |
---------------+-------+-----
Charms         | 3 |  3.1
Armour         | 1 |  1.1
Fighting       | |  2.0
Polearms       | |  1.7
Dodging        | |  1.7
Spellcasting   | |  2.1

Action                   || total
-------------------------++-------
Melee: Spear             ||    37
 Stab: Sleeping          ||     1
Armor: Leather armour    ||     5
Dodge: Dodged            ||    12
Block: Other             ||     2

Table legend:
 A = Spawn XP
 B = Non-spawn XP
 C = Spawn XP percentage of total XP
 D = Spawn monster count
 E = Non-spawn monster count
 F = Spawn count percentage of total count
 G = Total turns spent on level
                    A         B        C        D         E        F      G
               +---------+---------+-------+---------+---------+-------+---------
         Total |       0 |      17 |   0.0 |       0 |       9 |   0.0 |   449
               +---------+---------+-------+---------+---------+-------+---------
           D:1 |       0 |      17 |   0.0 |       0 |       9 |   0.0 |   449
               +---------+---------+-------+---------+---------+-------+---------
